% Time on Ice - SPOKANE KNIGHTS
Lines # - Real PCT - Wanted PCT - Time Play
Normal Forward
1 - 38% - 37% - 19:43
2 - 35% - 37% - 18:15
3 - 20% - 21% - 10:10
4 - 6% - 5% - 3:19
Normal Defense
1 - 36% - 38% - 18:41
2 - 34% - 37% - 17:27
3 - 18% - 15% - 9:13
4 - 12% - 10% - 6:06
PP Forward
1 - 58% - 55% - 1:17
2 - 42% - 45% - 0:55
PP Defense
1 - 48% - 50% - 1:03
2 - 52% - 50% - 1:09
PK Forward
1 - 64% - 55% - 4:04
2 - 36% - 45% - 2:17
PK Defense
1 - 32% - 60% - 2:03
2 - 68% - 40% - 4:18
PK3 Forward
1 - 0% - 60%
2 - 0% - 40%
PK3 Defense
1 - 0% - 60%
2 - 0% - 40%
44 Forward
1 - 0% - 50%
2 - 0% - 50%
44 Defense
1 - 0% - 60%
2 - 0% - 40%
Last Minute Offensive  - 0:00
Last Minute Defensive  - 0:00
Total
Forward - 60:00
Defense - 60:00
% Time on Ice - SAN DIEGO THUNDER
Lines # - Real PCT - Wanted PCT - Time Play
Normal Forward
1 - 35% - 36% - 18:04
2 - 33% - 32% - 16:45
3 - 24% - 24% - 12:23
4 - 8% - 8% - 4:15
Normal Defense
1 - 36% - 36% - 18:28
2 - 32% - 31% - 16:14
3 - 27% - 23% - 14:01
4 - 5% - 10% - 2:44
PP Forward
1 - 62% - 55% - 3:58
2 - 38% - 45% - 2:23
PP Defense
1 - 59% - 55% - 3:43
2 - 41% - 45% - 2:38
PK Forward
1 - 44% - 55% - 0:08
2 - 56% - 45% - 0:10
PK Defense
1 - 56% - 55% - 0:10
2 - 44% - 45% - 0:08
PK3 Forward
1 - 74% - 55% - 1:24
2 - 26% - 45% - 0:30
PK3 Defense
1 - 90% - 55% - 1:43
2 - 10% - 45% - 0:11
44 Forward
1 - 0% - 55%
2 - 0% - 45%
44 Defense
1 - 0% - 55%
2 - 0% - 45%
Last Minute Offensive  - 0:00
Last Minute Defensive  - 0:00
Total
Forward - 60:00
Defense - 60:00
Play-by-Play 1st period 0:01 of 1st period - Logan Couture wins face-off versus Blake Wheeler in neutral zone. 0:18 of 1st period - Shot by Matthew Tkachuk. 0:18 of 1st period - Shot Blocked by Charles McAvoy. 1:11 of 1st period - Icing by Mark Borowiecki. 1:12 of 1st period - Sebastian Aho wins face-off versus Bo Horvat in SAN DIEGO THUNDER zone. 1:19 of 1st period - Shot by Valeri Nichushkin. 1:19 of 1st period - Shot Blocked by Mark Borowiecki. 1:21 of 1st period - Shot by Sebastian Aho. 1:21 of 1st period - Deflect By Nick Foligno. 1:21 of 1st period - Shot Misses the Net. 1:23 of 1st period - Shot by Nick Foligno. 1:23 of 1st period - Shot Misses the Net. 1:31 of 1st period - Shot by Nick Foligno. 1:31 of 1st period - Shot Blocked by Justin Holl. 1:33 of 1st period - Shot by Valeri Nichushkin. 1:33 of 1st period - Stopped by Connor Hellebuyck without a rebound. 1:34 of 1st period - Kevin Stenlund wins face-off versus Ryan Hartman in SAN DIEGO THUNDER zone. 1:47 of 1st period - Shot by Ryan Hartman. 1:47 of 1st period - Shot Misses the Net. 1:49 of 1st period - Shot by Ryan Hartman. 1:49 of 1st period - Shot Blocked by Dan Hamhuis. 1:51 of 1st period - Shot by Marcus Foligno. 1:51 of 1st period - Deflect By Jean-Gabriel Pageau. 1:51 of 1st period - Stopped by Matthew Murray without a rebound. 1:52 of 1st period - Robert Fabbri wins face-off versus Sebastian Aho in SPOKANE KNIGHTS zone. 2:09 of 1st period - Shot by Valeri Nichushkin. 2:09 of 1st period - Shot Misses the Net. 2:27 of 1st period - Shot by Emil Bemstrom. 2:27 of 1st period - Shot Misses the Net. 2:56 of 1st period - Shot by Marcus Foligno. 2:56 of 1st period - Stopped by Matthew Murray without a rebound. 2:57 of 1st period - Kevin Stenlund wins face-off versus Bo Horvat in SPOKANE KNIGHTS zone. 3:07 of 1st period - Icing by Michael Matheson. 3:08 of 1st period - Bo Horvat wins face-off versus Gaetan Haas in SAN DIEGO THUNDER zone. 3:08 of 1st period - David Perron is hit by Garnet Hathaway and loses puck. 3:28 of 1st period - Minor Penalty to Cale Makar for Holding. 3:29 of 1st period - Logan Couture wins face-off versus Lias Andersson in SPOKANE KNIGHTS zone. 3:41 of 1st period - Shot by Nikita Kucherov. 3:41 of 1st period - Deflect By David Perron. 3:41 of 1st period - Stopped by Matthew Murray without a rebound. 3:42 of 1st period - Bo Horvat wins face-off versus Gaetan Haas in SPOKANE KNIGHTS zone. 6:23 of 1st period - Drake Batherson is hit by Matthew Tkachuk. 6:32 of 1st period - Icing by Rasmus Dahlin. 6:33 of 1st period - Robert Fabbri wins face-off versus Sebastian Aho in SAN DIEGO THUNDER zone. 6:37 of 1st period - Off-side. 6:38 of 1st period - Sebastian Aho wins face-off versus Logan Couture in neutral zone. 6:38 of 1st period - Sebastian Aho is hit by Evander Kane. 6:50 of 1st period - Shot by Logan Couture. 6:50 of 1st period - Stopped by Matthew Murray with a rebound. 6:52 of 1st period - Shot by Logan Couture. 6:52 of 1st period - Stopped by Matthew Murray with a rebound. 7:04 of 1st period - Shot by Logan Couture. 7:04 of 1st period - Shot Misses the Net. 7:06 of 1st period - Shot by Charles McAvoy. 7:06 of 1st period - Stopped by Matthew Murray without a rebound. 7:07 of 1st period - Blake Wheeler wins face-off versus David Perron in SPOKANE KNIGHTS zone. 7:18 of 1st period - Shot by Matthew Tkachuk. 7:18 of 1st period - Shot Misses the Net. 7:25 of 1st period - Shot by Victor Hedman. 7:25 of 1st period - Stopped by Connor Hellebuyck without a rebound. 7:26 of 1st period - Nick Foligno wins face-off versus Logan Couture in SAN DIEGO THUNDER zone. 7:26 of 1st period - Nick Foligno is hit by Connor Murphy. 7:54 of 1st period - Shot by Logan Couture. 7:54 of 1st period - Stopped by Matthew Murray with a rebound. 7:56 of 1st period - Shot by Evander Kane. 7:56 of 1st period - Deflect By Nikita Kucherov. 7:56 of 1st period - Shot Misses the Net. 8:02 of 1st period - Shot by Logan Couture. 8:02 of 1st period - Stopped by Matthew Murray with a rebound. 8:08 of 1st period - Shot by Logan Couture. 8:08 of 1st period - Shot Blocked by Roman Polak. 8:13 of 1st period - Icing by Brent Seabrook. 8:14 of 1st period - Bo Horvat wins face-off versus Sebastian Aho in SPOKANE KNIGHTS zone. 8:25 of 1st period - Icing by Nick Foligno. 8:26 of 1st period - Jean-Gabriel Pageau wins face-off versus Sebastian Aho in SPOKANE KNIGHTS zone. 8:52 of 1st period - Icing by Rasmus Dahlin. 8:53 of 1st period - Jean-Gabriel Pageau wins face-off versus Kevin Stenlund in SAN DIEGO THUNDER zone. 8:57 of 1st period - Icing by Rasmus Dahlin. 8:58 of 1st period - Kevin Stenlund wins face-off versus Marcus Foligno in SAN DIEGO THUNDER zone. 9:49 of 1st period - Blake Wheeler is hit by Bo Horvat and loses puck. 10:08 of 1st period - Shot by Matthew Tkachuk. 10:08 of 1st period - Shot Misses the Net. 10:10 of 1st period - Shot by Victor Hedman. 10:10 of 1st period - Stopped by Connor Hellebuyck without a rebound. 10:11 of 1st period - Logan Couture wins face-off versus Gaetan Haas in SAN DIEGO THUNDER zone. 10:11 of 1st period - Nikita Kucherov is hit by Garnet Hathaway. 10:12 of 1st period - Minor Penalty to Garnet Hathaway for Holding. 10:13 of 1st period - Nick Foligno wins face-off versus Logan Couture in SPOKANE KNIGHTS zone. 10:13 of 1st period - Nick Foligno is hit by Mark Borowiecki. 10:16 of 1st period - Lias Andersson is hit by Logan Couture and loses puck. 10:44 of 1st period - Off-side. 10:45 of 1st period - Bo Horvat wins face-off versus Nick Foligno in neutral zone. 11:33 of 1st period - Shot by Evander Kane. 11:33 of 1st period - Stopped by Matthew Murray without a rebound. 11:34 of 1st period - Logan Couture wins face-off versus Sebastian Aho in SPOKANE KNIGHTS zone. 11:55 of 1st period - Shot by Nikita Kucherov. 11:55 of 1st period - Shot Misses the Net. 12:11 of 1st period - Shot by David Perron. 12:11 of 1st period - Stopped by Matthew Murray without a rebound. 12:12 of 1st period - Blake Wheeler wins face-off versus Jean-Gabriel Pageau in SPOKANE KNIGHTS zone. 12:16 of 1st period - Patrick Kane is hit by Marcus Foligno and loses puck. 12:50 of 1st period - Blake Wheeler is hit by Marcus Foligno and loses puck. 13:15 of 1st period - Shot by Bo Horvat. 13:15 of 1st period - Shot Blocked by Brent Seabrook. 13:19 of 1st period - Shot by David Perron. 13:19 of 1st period - Shot Misses the Net. 13:21 of 1st period - Shot by Justin Holl. 13:21 of 1st period - Stopped by Matthew Murray without a rebound. 13:22 of 1st period - Gaetan Haas wins face-off versus Logan Couture in SPOKANE KNIGHTS zone. 13:26 of 1st period - Off-side. 13:27 of 1st period - Sebastian Aho wins face-off versus Logan Couture in neutral zone. 13:59 of 1st period - Icing by Sebastian Aho. 14:00 of 1st period - Bo Horvat wins face-off versus Sebastian Aho in SPOKANE KNIGHTS zone. 14:27 of 1st period - Ilya Mikheyev is hit by Lias Andersson and loses puck. 14:54 of 1st period - Shot by Kevin Stenlund. 14:54 of 1st period - Shot Misses the Net. 14:56 of 1st period - Shot by Lias Andersson. 14:56 of 1st period - Goal by Lias Andersson - SPOKANE KNIGHTS : 1 - SAN DIEGO THUNDER : 0. 14:57 of 1st period - Blake Wheeler wins face-off versus Logan Couture in neutral zone. 15:03 of 1st period - Matthew Tkachuk is hit by Charles McAvoy and loses puck. 15:17 of 1st period - Blake Wheeler is hit by Connor Murphy and loses puck. 15:25 of 1st period - Blake Wheeler is hit by Charles McAvoy and loses puck. 15:35 of 1st period - Patrick Kane is hit by Charles McAvoy and loses puck. 16:07 of 1st period - Minor Penalty to Nick Foligno for Boarding. 16:08 of 1st period - Tyler Pitlick wins face-off versus Ilya Mikheyev in SPOKANE KNIGHTS zone. 16:29 of 1st period - Shot by Evander Kane. 16:29 of 1st period - Shot Misses the Net. 16:31 of 1st period - Shot by Bo Horvat. 16:31 of 1st period - Goal by Bo Horvat - SPOKANE KNIGHTS : 1 - SAN DIEGO THUNDER : 1. 16:32 of 1st period - Sebastian Aho wins face-off versus Jean-Gabriel Pageau in neutral zone. 16:36 of 1st period - Icing by Marcus Foligno. 16:37 of 1st period - Blake Wheeler wins face-off versus Jean-Gabriel Pageau in SAN DIEGO THUNDER zone. 16:37 of 1st period - Patrick Kane is hit by Rasmus Dahlin and loses puck. 16:46 of 1st period - Victor Hedman is hit by Ryan Hartman and loses puck. 16:57 of 1st period - Shot by Jean-Gabriel Pageau. 16:57 of 1st period - Shot Misses the Net. 16:59 of 1st period - Shot by Marcus Foligno. 16:59 of 1st period - Shot Misses the Net. 17:03 of 1st period - Shot by Ryan Hartman. 17:03 of 1st period - Shot Blocked by Victor Hedman. 19:02 of 1st period - David Perron is hit by Cale Makar. 19:22 of 1st period - Shot by Gaetan Haas. 19:22 of 1st period - Stopped by Connor Hellebuyck with a rebound. 19:24 of 1st period - Shot by Gaetan Haas. 19:24 of 1st period - Shot Misses the Net. 19:26 of 1st period - Shot by Victor Hedman. 19:26 of 1st period - Shot Misses the Net. Goals for this period are 1 for SPOKANE KNIGHTS vs 1 for SAN DIEGO THUNDER. Shots for this period are 5 for SPOKANE KNIGHTS vs 12 for SAN DIEGO THUNDER. 2nd period 0:01 of 2nd period - Logan Couture wins face-off versus Sebastian Aho in neutral zone. 0:03 of 2nd period - Off-side. 0:04 of 2nd period - Logan Couture wins face-off versus Sebastian Aho in neutral zone. 0:15 of 2nd period - Shot by Logan Couture. 0:15 of 2nd period - Stopped by Matthew Murray without a rebound. 0:16 of 2nd period - Jean-Gabriel Pageau wins face-off versus Kevin Stenlund in SPOKANE KNIGHTS zone. 0:17 of 2nd period - Shot by Ryan Hartman. 0:17 of 2nd period - Shot Misses the Net. 0:20 of 2nd period - Jean-Gabriel Pageau is hit by Dan Hamhuis. 0:26 of 2nd period - Shot by Marcus Foligno. 0:26 of 2nd period - Shot Blocked by Mario Ferraro. 0:28 of 2nd period - Shot by Charles McAvoy. 0:28 of 2nd period - Shot Misses the Net. 0:30 of 2nd period - Shot by Marcus Foligno. 0:30 of 2nd period - Stopped by Matthew Murray without a rebound. 0:31 of 2nd period - Logan Couture wins face-off versus Sebastian Aho in SPOKANE KNIGHTS zone. 0:38 of 2nd period - Shot by Nikita Kucherov. 0:38 of 2nd period - Stopped by Matthew Murray without a rebound. 0:39 of 2nd period - Blake Wheeler wins face-off versus Evander Kane in SPOKANE KNIGHTS zone. 0:58 of 2nd period - Shot by Matthew Tkachuk. 0:58 of 2nd period - Shot Misses the Net. 1:02 of 2nd period - Shot by Matthew Tkachuk. 1:02 of 2nd period - Shot Misses the Net. 1:04 of 2nd period - Shot by Matthew Tkachuk. 1:04 of 2nd period - Deflect By Blake Wheeler. 1:04 of 2nd period - Shot Blocked by Logan Couture. 1:06 of 2nd period - Shot by Matthew Tkachuk. 1:06 of 2nd period - Stopped by Connor Hellebuyck with a rebound. 1:08 of 2nd period - Shot by Blake Wheeler. 1:08 of 2nd period - Shot Misses the Net. 1:47 of 2nd period - Shot by Cale Makar. 1:47 of 2nd period - Stopped by Connor Hellebuyck without a rebound. 1:48 of 2nd period - Bo Horvat wins face-off versus Kevin Stenlund in SAN DIEGO THUNDER zone. 1:55 of 2nd period - Shot by David Perron. 1:55 of 2nd period - Stopped by Matthew Murray without a rebound. 1:56 of 2nd period - Sebastian Aho wins face-off versus Jean-Gabriel Pageau in SPOKANE KNIGHTS zone. 2:40 of 2nd period - Shot by Sebastian Aho. 2:40 of 2nd period - Stopped by Connor Hellebuyck without a rebound. 2:41 of 2nd period - Bo Horvat wins face-off versus Kevin Stenlund in SAN DIEGO THUNDER zone. 2:41 of 2nd period - Bo Horvat is hit by Tyler Pitlick. 3:16 of 2nd period - Shot by David Perron. 3:16 of 2nd period - Stopped by Matthew Murray without a rebound. 3:17 of 2nd period - Logan Couture wins face-off versus Blake Wheeler in SPOKANE KNIGHTS zone. 3:20 of 2nd period - Shot by Logan Couture. 3:20 of 2nd period - Shot Misses the Net. 3:22 of 2nd period - Shot by Connor Murphy. 3:22 of 2nd period - Shot Misses the Net. 3:33 of 2nd period - Nikita Kucherov is hit by Mario Ferraro and loses puck. 4:04 of 2nd period - Shot by Evander Kane. 4:04 of 2nd period - Shot Misses the Net. 4:32 of 2nd period - Shot by Emil Bemstrom. 4:32 of 2nd period - Stopped by Matthew Murray without a rebound. 4:33 of 2nd period - Bo Horvat wins face-off versus Kevin Stenlund in SPOKANE KNIGHTS zone. 4:36 of 2nd period - Shot by David Perron. 4:36 of 2nd period - Shot Misses the Net. 4:38 of 2nd period - Shot by Bo Horvat. 4:38 of 2nd period - Stopped by Matthew Murray without a rebound. 4:39 of 2nd period - Bo Horvat wins face-off versus Sebastian Aho in SPOKANE KNIGHTS zone. 4:42 of 2nd period - Shot by David Perron. 4:42 of 2nd period - Stopped by Matthew Murray without a rebound. 4:43 of 2nd period - Bo Horvat wins face-off versus Sebastian Aho in SPOKANE KNIGHTS zone. 4:46 of 2nd period - Shot by Bo Horvat. 4:46 of 2nd period - Stopped by Matthew Murray without a rebound. 4:47 of 2nd period - Sebastian Aho wins face-off versus Evander Kane in SPOKANE KNIGHTS zone. 5:05 of 2nd period - Shot by Nick Foligno. 5:05 of 2nd period - Stopped by Connor Hellebuyck without a rebound. 5:06 of 2nd period - Lias Andersson wins face-off versus Bo Horvat in SAN DIEGO THUNDER zone. 5:08 of 2nd period - Tyler Pitlick is hit by Mark Borowiecki and loses puck. 5:15 of 2nd period - Shot by Tyler Pitlick. 5:15 of 2nd period - Shot Blocked by Mark Borowiecki. 5:17 of 2nd period - Shot by Lias Andersson. 5:17 of 2nd period - Stopped by Connor Hellebuyck without a rebound. 5:18 of 2nd period - Logan Couture wins face-off versus Sebastian Aho in SAN DIEGO THUNDER zone. 5:34 of 2nd period - Icing by Mario Ferraro. 5:35 of 2nd period - Jean-Gabriel Pageau wins face-off versus Sebastian Aho in SPOKANE KNIGHTS zone. 6:52 of 2nd period - Icing by Sebastian Aho. 6:53 of 2nd period - Bo Horvat wins face-off versus Sebastian Aho in SPOKANE KNIGHTS zone. 6:58 of 2nd period - Shot by Bo Horvat. 6:58 of 2nd period - Stopped by Matthew Murray without a rebound. 6:59 of 2nd period - Blake Wheeler wins face-off versus Logan Couture in SPOKANE KNIGHTS zone. 6:59 of 2nd period - Blake Wheeler is hit by Evander Kane. 8:30 of 2nd period - Shot by Bo Horvat. 8:30 of 2nd period - Shot Misses the Net. 8:45 of 2nd period - Bo Horvat is hit by Brent Seabrook and loses puck. 9:28 of 2nd period - Ryan Hartman is hit by Blake Wheeler and loses puck. 10:03 of 2nd period - Shot by Jean-Gabriel Pageau. 10:03 of 2nd period - Shot Misses the Net. 10:36 of 2nd period - Shot by Evander Kane. 10:36 of 2nd period - Deflect By Nikita Kucherov. 10:36 of 2nd period - Goal by Nikita Kucherov - SPOKANE KNIGHTS : 1 - SAN DIEGO THUNDER : 2. 10:37 of 2nd period - Sebastian Aho wins face-off versus Robert Fabbri in neutral zone. 10:52 of 2nd period - Shot by Sebastian Aho. 10:52 of 2nd period - Stopped by Connor Hellebuyck without a rebound. 10:53 of 2nd period - Logan Couture wins face-off versus Tyler Pitlick in SAN DIEGO THUNDER zone. 10:53 of 2nd period - Minor Penalty to Lias Andersson for Hooking. 10:54 of 2nd period - Tyler Pitlick wins face-off versus Logan Couture in SPOKANE KNIGHTS zone. 11:46 of 2nd period - Icing by Logan Couture. 11:47 of 2nd period - Tyler Pitlick wins face-off versus Logan Couture in SAN DIEGO THUNDER zone. 11:53 of 2nd period - Tyler Pitlick is hit by Charles McAvoy and loses puck. 12:12 of 2nd period - Icing by Logan Couture. 12:13 of 2nd period - Logan Couture wins face-off versus Nick Foligno in SAN DIEGO THUNDER zone. 13:01 of 2nd period - Shot by Ryan Hartman. 13:01 of 2nd period - Stopped by Matthew Murray without a rebound. 13:02 of 2nd period - Blake Wheeler wins face-off versus Drake Batherson in SPOKANE KNIGHTS zone. 13:11 of 2nd period - Shot by Matthew Tkachuk. 13:11 of 2nd period - Shot Misses the Net. 13:13 of 2nd period - Shot by Brent Seabrook. 13:13 of 2nd period - Shot Blocked by Rasmus Dahlin. 13:15 of 2nd period - Shot by Blake Wheeler. 13:15 of 2nd period - Stopped by Connor Hellebuyck with a rebound. 13:17 of 2nd period - Shot by Blake Wheeler. 13:17 of 2nd period - Shot Misses the Net. 13:19 of 2nd period - Shot by Roman Polak. 13:19 of 2nd period - Stopped by Connor Hellebuyck with a rebound. 13:37 of 2nd period - Shot by Drake Batherson. 13:37 of 2nd period - Shot Misses the Net. 14:08 of 2nd period - Shot by Ryan Hartman. 14:08 of 2nd period - Stopped by Matthew Murray with a rebound. 14:30 of 2nd period - Shot by Jean-Gabriel Pageau. 14:30 of 2nd period - Deflect By Marcus Foligno. 14:30 of 2nd period - Stopped by Matthew Murray with a rebound. 15:17 of 2nd period - Sebastian Aho is hit by Charles McAvoy and loses puck. 15:44 of 2nd period - Michael Matheson is hit by Nick Foligno and loses puck. 15:55 of 2nd period - Shot by Logan Couture. 15:55 of 2nd period - Stopped by Matthew Murray without a rebound. 15:56 of 2nd period - Robert Fabbri wins face-off versus Kevin Stenlund in SPOKANE KNIGHTS zone. 15:56 of 2nd period - Drake Batherson is hit by Dan Hamhuis and loses puck. 16:08 of 2nd period - Emil Bemstrom is hit b